 Dungeon Crawl Stone Soup version 0.16.0-8-gd9ae3a8 (console) character file.

1760886 fratres the Conqueror (level 27, 224/224 HPs)
             Began as a High Elf Fighter on Mar 16, 2015.
             Was the Champion of Trog.
             Escaped with the Orb
             ... and 3 runes!
             The game lasted 04:05:33 (68065 turns).

fratres the Conqueror (High Elf Fighter)           Turns: 68065, Time: 04:05:34

Health: 224/224    AC: 54    Str: 29    XL:     27
Magic:  4/6        EV: 33    Int: 20    God:    Trog [******]
Gold:   6349       SH: 23    Dex: 29    Spells: 0 memorised, 26 levels left

rFire  + . .     SeeInvis +     b - +7 demon blade (antimagic)
rCold  + . .     Clarity  .     j - +8 crystal plate armour of Inevitability {Regen+}
rNeg   + + .     SustAb   .     S - +5 shield {rC+ rF+}
rPois  +         Gourm    .     U - +2 hat {Spirit}
rElec  .         Spirit   +     F - +2 cloak {MR+}
rCorr  .         Warding  +     J - +2 pair of gloves
rMut   .         Stasis   .     c - +1 pair of boots {run}
MR     +++..     NoCast   +     w - brooch of Shielding {Ward rN+ AC+4 EV+4}
Stlth  ..........               g - ring "Daomulett" {rPois rN+ Str+4 Int-4 Dex+2}
                                A - ring "Skim" {-Cast MP-9 Str+3 Int+9 Dex+6 SInv}

@: quick, extremely resistant to hostile enchantments, extremely unstealthy
A: MP-powered wands 1
a: Burn Spellbooks, Berserk, Trog's Hand, Brothers in Arms, Renounce Religion
0: Orb of Zot
}: 3/15 runes: decaying, silver, gossamer


You escaped.
You worshipped Trog.
Trog was exalted by your worship.
You were full.

You visited 11 branches of the dungeon, and saw 57 of its levels.
You visited 1 ziggurat, and saw 10 of its levels.
You also visited: Trove, Bailey and Ice Cave.

You collected 9245 gold pieces.
You spent 2896 gold pieces at shops.


Innate Abilities, Weirdness & Mutations

You expend magic power (3 MP) to slightly strengthen your wands.


   Skills:
 O Level 27 Fighting
 - Level 16.0 Long Blades
 + Level 23.7 Armour
 + Level 23.7 Dodging
 - Level 18.4 Shields


You had 26 spell levels left.
You didn't know any spells.

Inventory:

Hand weapons
 a - a +9 double sword of flaming
 b - a +7 antimagic demon blade (weapon)
 z - a +6 blowgun
Missiles
 T - 21 curare-tipped needles
Armour
 c - a +1 pair of boots of running (worn)
 j - the +8 crystal plate armour of Inevitability (worn) {Regen+}
   (You bought it in a shop on level 4 of the Orcish Mines)

   It increases your rate of regeneration.
 m - the +11 gold dragon armour of the Eight Souls {rElec rPois rF+ rC+ Dex+4 Slay-3}
   (You took it off a yaktaur captain on level 5 of the Vaults)

   It affects your dexterity (+4).
   It affects your accuracy and damage with ranged weapons and melee attacks
   (-3).
   It protects you from fire.
   It protects you from cold.
   It insulates you from electricity.
   It protects you from poison.
 n - a +2 pair of boots of flying
 F - a +2 cloak of magic resistance (worn)
 J - a +2 pair of gloves (worn)
 S - a +5 shield of resistance (worn)
 U - a +2 hat of spirit shield (worn)
Jewellery
 g - the ring "Daomulett" (right hand) {rPois rN+ Str+4 Int-4 Dex+2}
   (You found it on level 3 of the Crypt)

   [ring of positive energy]

   It affects your strength (+4).
   It affects your intelligence (-4).
   It affects your dexterity (+2).
   It protects you from poison.
   It protects you from negative energy.
 w - the brooch of Shielding (around neck) {Ward rN+ AC+4 EV+4}
   (You bought it in a shop on level 3 of the Depths)

   [amulet of warding]

   It may prevent the melee attacks of summoned creatures.
   It affects your AC (+4).
   It affects your evasion (+4).
   It protects you from negative energy.
 A - the ring "Skim" (left hand) {-Cast MP-9 Str+3 Int+9 Dex+6 SInv}
   (You took it off a yaktaur on level 5 of the Vaults)

   [ring of see invisible]

   It affects your strength (+3).
   It affects your intelligence (+9).
   It affects your dexterity (+6).
   It affects your magic capacity (-9).
   It enhances your eyesight.
   It prevents spellcasting.
 M - an uncursed amulet of resist mutation
 Y - an uncursed ring of protection from fire
Magical devices
 f - a wand of digging (3)
 u - a wand of teleportation (5)
 y - a wand of disintegration (10)
 B - a wand of digging (20)
 D - a wand of heal wounds (5)
 N - a wand of teleportation (4)
 O - a wand of fire (4)
 P - a wand of heal wounds (5)
 Q - a wand of teleportation (7)
 V - a wand of cold (2)
Scrolls
 h - 2 scrolls of holy word
 i - a scroll of identify
 o - 19 scrolls of teleportation
 q - a scroll of brand weapon
 t - 6 scrolls of fog
 v - a scroll of silence {!r}
 C - 9 scrolls of recharging
 G - 9 scrolls of blinking
 L - 16 scrolls of remove curse
 R - 3 scrolls of fear
 W - 2 scrolls of summoning
 X - 3 scrolls of magic mapping
Potions
 d - 2 potions of invisibility
 e - 4 potions of might
 k - 13 potions of curing
 l - 4 potions of haste {!q}
 p - 3 potions of cure mutation {!q}
 s - 4 potions of resistance
 x - a potion of berserk rage {!q}
 E - 3 potions of cancellation
 H - 11 potions of restore abilities
 I - 7 potions of heal wounds
 Z - 8 potions of agility
Comestibles
 r - 26 bread rations


Message History

Press: ? - help, Shift-Dir - straight line The rock shatters into small pieces.
This wand has 3 charges left.
You see here a whip.
You see here a stone.
You see here 3 stones.
There is a large open door here.
There is a large open door here.
You open the door.
There is an open door here.
There is a staircase leading out of the dungeon here.
You feel magic returning to you.
It bursts into flame!
a - a +9 double sword of flaming (weapon)
Your +9 double sword of flaming stops flaming.
You feel magic leave you.
b - a +7 antimagic demon blade (weapon)
Put on which piece of jewellery? (? for menu, Esc to quit)
Okay, then.
Wear which item? (? for menu, Esc to quit)
Okay, then.
You have escaped!

#.....######.#....#....##.#
.....>..# #.########...#.##
###.#.#.# #.# #...........#
.##.#)#.# #.# #.#.........#
.##.....####.###.#.#######.#
......#..........#.........#
~~~~~#####~~~~~~~~~.########
####~#~7~#~#######~)#
..8####8####8..(@#~.#
...'.......'.....#~(#
..8##8#'#8##8...8#~(#
'######'######'###~.#
.##77.....77##.#~#~.#
.#7~.......~7#.877~.#
.8#.........#8.#~#~.#
.##...~7~...##.###~.#
.('...787...''..''..#


There were no monsters in sight!

Vanquished Creatures
  5 ancient liches (Zot:5)
  4 orbs of fire
  A pandemonium lord (Zot:5)
  The ghost of fungee the End of an Era, a great MiGl of Qazlal (Zig:8)
  4 caustic shrikes
  Margery (Crypt:1)
  Norris (Swamp:5)
  The ghost of Scytalen the Acrobat, a great MfEn of Makhleb (Depths:1)
  Saint Roka (Swamp:4)
  A curse toe (Zot:2)
  3 Killer Klowns
  Mara (Depths:2)
  Geryon (Hell)
  7 golden dragons
  the Enchantress (Depths:2)
  A bone dragon (Crypt:3)
  Nikola (Depths:3)
  An electric golem (Zot:5)
  13 tentacled monstrosities
  An Ice Fiend (IceCv)
  24 Orb Guardians
  2 quicksilver dragons
  A deep elf blademaster (Zig:4)
  10 titans
  15 liches
  3 acid blobs (Zig:9)
  2 octopode crushers
  9 sphinxes
  An Executioner (Zot:5)
  Rupert (Lair:6)
  8 shadow dragons
  Agnes (Vaults:3)
  4 thorn hunters
  Kirke (Swamp:3)
  14 tengu reavers
  Frances (Swamp:4)
  13 storm dragons
  2 revenants
  14 fire giants
  6 ghost moths
  Donald (Swamp:4)
  20 vault wardens
  Wiglaf (Swamp:5)
  20 frost giants
  An orc warlord (Vaults:5)
  A chaos champion (Zig:8)
  An iron dragon (Depths:5)
  A black sun (Zig:6)
  2 draconian scorchers (Zot:4)
  Aizul (Swamp:3)
  11 emperor scorpions
  A draconian knight (Zot:2)
  A cacodemon (Zot:5)
  Gastronok (Lair:2)
  6 deep elf sorcerers
  A balrug (Zig:1)
  A ghoul (Crypt:1)
  Jorgrun (Swamp:4)
  22 ironheart preservers
  A stone giant (shapeshifter) (Zig:8)
  2 reapers
  27 stone giants
  2 draconian annihilators
  6 war gargoyles
  A caustic shrike skeleton (Depths:2)
  5 spriggan defenders
  4 very ugly things
  A draconian shifter (Zot:4)
  2 grey draconians
  4 deep elf annihilators
  6 vampire knights
  5 deep elf demonologists
  A green draconian (Zot:4)
  A purple draconian (Zot:2)
  10 dire elephants
  A spectral titan (Zig:6)
  A dire elephant (shapeshifter) (Zig:8)
  2 mottled draconians
  2 eidola (Zig:6)
  3 crystal guardians (Crypt:3)
  3 deep elf death magi
  Snorg (Lair:6)
  2 merfolk impalers
  5 small abominations
  19 ettins
  A jiangshi (Crypt:2)
  A green death (Zot:5)
  11 great orbs of eyes
  4 minotaurs
  Josephine (D:11)
  23 yaktaur captains
  27 fire dragons
  34 vault guards
  3 deep elf high priests
  8 rakshasas
  4 hell beasts
  13 ice dragons
  Fannar (Lair:8)
  4 death cobs
  Harold (Lair:7)
  A ghost crab (shapeshifter) (D:14)
  Nessos (D:14)
  32 hydras
  7 spriggan air magi
  11 centaur warriors
  9 deep troll earth magi
  Erica (Orc:2)
  An anaconda (Lair:8)
  15 ogre magi
  4 alligators
  24 death yaks
  2 tengu warriors (Depths:2)
  5 dancing weapons
  3 hell hogs
  9 deep troll shamans
  4 vampire magi
  2 storm dragon zombies
  Urug (D:10)
  6 orc high priests
  A titan zombie (Crypt:3)
  3 soul eaters
  An iron troll (shapeshifter) (Zig:8)
  7 spriggan berserkers
  13 hell knights
  The ghost of Weresquid the Grappler, an experienced TrMo of Ru (D:8)
  3 sun demons
  3 shadow wraiths
  An iron troll (Depths:5)
  8 deep elf knights
  A spectral spriggan (Zig:6)
  23 skeletal warriors
  A golden dragon zombie (Crypt:3)
  A gelid demonspawn (Depths:3)
  2 fire crabs
  2 spriggan druids (Swamp:5)
  65 yaktaurs
  27 deep trolls
  3 unseen horrors
  A hill giant (shapeshifter) (Depths:5)
  3 shambling mangroves
  2 ice statues (IceCv)
  13 ice devils
  3 deep elf summoners
  10 flayed ghosts
  An anaconda zombie (Crypt:1)
  8 giant orange brains
  18 orc knights
  11 swamp dragons
  23 ironbrand convokers
  15 hill giants
  5 deep elf conjurers
  A shining eye (Zig:9)
  11 orb spiders
  9 griffons
  33 wolf spiders
  45 ugly things
  4 wizards
  A fire giant zombie (Crypt:3)
  14 necromancers
  A wolf spider zombie (Crypt:2)
  3 manticores
  6 orc sorcerers
  A shining eye (shapeshifter) (Depths:3)
  12 hornets
  7 moths of wrath
  2 frost giant zombies (Crypt:3)
  8 phantasmal warriors
  A mana viper (shapeshifter) (Depths:3)
  A water nymph (shapeshifter) (Depths:5)
  4 centaur zombies
  3 rust devils
  19 elephants
  3 iron dragon skeletons
  5 cyclopes
  10 vault sentinels
  An elephant (shapeshifter) (Zig:8)
  Maurice (D:10)
  A sixfirhy (Depths:5)
  3 stone giant skeletons
  2 frost giant skeletons (Vaults:2)
  An apocalypse crab (Zig:8)
  An eye of devastation (shapeshifter) (Vaults:5)
  A storm dragon simulacrum (Depths:1)
  2 orange demons (Depths:5)
  2 torpor snails
  A dire elephant zombie (Crypt:1)
  6 black mambas
  20 spiny frogs
  3 gargoyles
  A titan simulacrum (Depths:1)
  2 black mambas (shapeshifter)
  2 naga magi (D:15)
  An orange crystal statue (D:9)
  A grey draconian zombie (Crypt:1)
  A queen ant (Lair:5)
  8 komodo dragons
  4 tormentors
  An emperor scorpion zombie (Crypt:3)
  A redback zombie (D:15)
  A red devil (Zig:1)
  11 demonic crawlers
  8 fire drakes
  A hellion (Zig:7)
  10 deep elf priests
  2 yaktaur skeletons (Vaults:2)
  4 human skeletons
  A hydra zombie (Crypt:2)
  A harpy zombie (D:15)
  An iron troll zombie (Crypt:1)
  A silent spectre (Crypt:3)
  A ghost moth simulacrum (Crypt:1)
  A kobold demonologist (Vaults:3)
  A two-headed ogre (shapeshifter) (Zig:8)
  17 freezing wraiths
  A tengu conjurer (Depths:2)
  A golden dragon simulacrum (Crypt:1)
  3 trolls
  10 blue devils
  7 giant leeches
  A polar bear (shapeshifter) (Depths:3)
  2 hydra skeletons (Crypt:3)
  40 blink frogs
  A hornet zombie (D:14)
  2 polar bears
  11 boulder beetles
  5 bog bodies
  A fire dragon zombie (Crypt:3)
  16 jumping spiders
  A raiju (shapeshifter) (D:13)
  A trapdoor spider zombie (D:12)
  20 two-headed ogres
  6 air elementals
  10 ravens
  A black mamba zombie (Crypt:2)
  A stone giant simulacrum (Vaults:3)
  5 basilisks
  45 slime creatures
  10 trapdoor spiders
  A centaur simulacrum (D:15)
  6 shadows
  A basilisk (shapeshifter) (Vaults:1)
  A redback (shapeshifter) (Depths:5)
  50 yaks
  A fire dragon skeleton (Crypt:2)
  33 tarantellas
  A vampire (D:14)
  14 spriggans
  3 water elementals (Depths:1)
  A golden eye (shapeshifter) (Vaults:4)
  An ice dragon skeleton (Crypt:3)
  A wyvern (Lair:5)
  11 hippogriffs
  A ynoxinul (Depths:3)
  42 flying skulls
  13 deep elf magi
  An ettin skeleton (Vaults:2)
  A human (D:10)
  41 redbacks
  2 spriggans (shapeshifter)
  A hog (Swamp:3)
  A neqoxec (Depths:5)
  8 wraiths
  4 hungry ghosts
  A human (shapeshifter) (Vaults:4)
  A fire elemental (Depths:2)
  4 wargs
  19 deep elf fighters
  A steam dragon (D:8)
  A soldier ant (shapeshifter) (Vaults:2)
  9 wolves (Lair:1)
  4 chaos spawn (Depths:4)
  3 mottled dragons (Vaults:1)
  30 vampire mosquitoes
  Menkaure (D:5)
  21 soldier ants
  A human zombie (Crypt:3)
  10 large abominations
  64 orc warriors
  40 swamp worms
  19 water moccasins
  A naga (shapeshifter) (Vaults:3)
  A monstrous demonspawn skeleton (Crypt:2)
  2 hell hounds
  15 porcupines
  A water moccasin (shapeshifter) (Depths:2)
  A merfolk skeleton (Crypt:1)
  A black bear (D:6)
  39 spiders
  10 necrophages
  3 elephant zombies
  2 eyes of draining (Zig:9)
  11 swamp drakes
  A snapping turtle zombie (Crypt:2)
  12 ice beasts
  2 sky beasts
  60 ogres
  14 centaurs
  13 wasps
  A boggart (Depths:3)
  15 crocodiles
  Sigmund (D:5)
  A big kobold (D:9)
  An elf skeleton (Vaults:2)
  A brain worm (D:15)
  An elf zombie (Crypt:2)
  A vine stalker zombie (Crypt:1)
  18 giant frogs
  A salamander skeleton (Crypt:1)
  A draconian skeleton (Crypt:1)
  A glowing shapeshifter simulacrum (Vaults:3)
  A spiny frog simulacrum (Crypt:2)
  A warg zombie (Crypt:2)
  A cyclops skeleton (Crypt:1)
  11 scorpions
  12 wights
  19 killer bees
  3 electric eels
  2 spriggan skeletons
  2 giant frog zombies
  2 goliath beetles
  10 crimson imps
  7 jellies
  9 hounds
  An iron imp (Depths:3)
  A basilisk zombie (Lair:3)
  34 orc priests
  4 centaur skeletons
  43 orc wizards
  23 worker ants
  7 iguanas
  7 hell rats (Depths:2)
  25 sheep
  A brain worm zombie (D:15)
  A dwarf skeleton (Crypt:2)
  A hound skeleton (D:4)
  A worker ant zombie (D:5)
  Robin (D:3)
  11 gnolls
  62 river rats
  26 adders
  8 shadow imps
  A giant mite (D:8)
  9 white imps
  4 worms
  10 ufetubi
  2 adder zombies (D:8)
  2 adder skeletons
  5 giant geckos
  An ooze (D:7)
  242 orcs
  36 bats
  A bat skeleton (D:8)
  4 giant cockroaches
  31 goblins
  22 hobgoblins
  4 jackals (D:9)
  14 quokkas
  2 ball pythons
  2 ball python zombies (D:1)
  A giant gecko zombie (D:7)
  4 giant newts
  A goblin zombie (D:7)
  A jackal skeleton (D:5)
  25 kobolds
  An orc skeleton (Crypt:2)
  18 rats
  A rat zombie (Crypt:1)
  8 briar patches (Swamp:2)
  7 plants
2976 creatures vanquished.

Vanquished Creatures (collateral kills)
  A ghost moth (Spider:5)
  2 emperor scorpions (Spider:5)
  A war gargoyle (Vaults:5)
  3 ghouls (Crypt:1)
  A spriggan defender (Depths:2)
  An ironheart preserver (Vaults:3)
  A catoblepas (Lair:5)
  2 dancing weapons (Crypt:3)
  A large abomination (Zot:5)
  An ironbrand convoker (Vaults:1)
  A wizard (Vaults:3)
  A sphinx zombie (Zig:7)
  A manticore (Depths:3)
  A frost giant zombie (Zig:7)
  3 hornets (Spider:5)
  A spriggan zombie (Zig:7)
  Psyche (Orc:4)
  3 yaktaurs (Vaults:4)
  A tormentor (Zig:7)
  A troll (Depths:2)
  A freezing wraith (Vaults:2)
  A red devil (Zot:5)
  A blue devil (IceCv)
  A basilisk (Lair:5)
  A spriggan (Depths:2)
  A hippogriff (Lair:5)
  A deep elf fighter (Vaults:1)
  A wolf (Lair:1)
  2 orc warriors (Orc:4)
  A wasp (Depths:2)
  An orc priest (Orc:4)
  2 orc wizards (Orc:4)
  4 orcs (Orc:4)
46 creatures vanquished.

Vanquished Creatures (others)
  A lich (Depths:5)
  A fire dragon (Zot:2)
  An ice dragon (Zot:4)
  A deep troll (Crypt:1)
  A giant orange brain (Depths:5)
  4 hill giants
  An ugly thing (Vaults:3)
  A deep elf priest (Zig:10)
  A troll (Vaults:2)
  A jumping spider (Spider:5)
  A flying skull (Crypt:1)
  A deep elf mage (Vaults:1)
  2 humans (Swamp:3)
  A deep elf fighter (Vaults:3)
  A spider (Spider:4)
  2 boggarts (Depths:3)
  An ogre (Lair:1)
  7 lost souls
  An adder (Lair:8)
  A white imp (IceCv)
  An orc (Vaults:3)
  3 briar patches (Swamp:3)
  9 fungi
  11 plants
  10 toadstools (Swamp:2)
65 creatures vanquished.

Grand Total: 3087 creatures vanquished

Notes
Turn   | Place    | Note
--------------------------------------------------------------
     0 | D:1      | fratres, the High Elf Fighter, began the quest for the Orb.
     0 | D:1      | Reached XP level 1. HP: 16/16 MP: 2/2
   308 | D:1      | Reached skill level 3 in Long Blades
   367 | D:1      | Reached XP level 2. HP: 17/21 MP: 3/3
   808 | D:1      | Reached skill level 4 in Long Blades
  1085 | D:2      | Reached XP level 3. HP: 26/26 MP: 5/5
  1529 | D:2      | Noticed a moth of wrath
  1531 | D:2      | Found a bloodstained altar of Trog.
  1637 | D:2      | Became a worshipper of Trog the Wrathful
  1723 | D:3      | Found a blossoming altar of Fedhas.
  1727 | D:3      | Reached skill level 5 in Long Blades
  2097 | D:3      | Reached XP level 4. HP: 21/31 MP: 7/7
  2223 | D:3      | Acquired Trog's first power
  2390 | D:3      | Noticed Robin
  2674 | D:3      | Killed Robin
  2783 | D:3      | Noticed a scorpion
  2795 | D:3      | Killed a scorpion
  2795 | D:3      | Reached skill level 6 in Long Blades
  2795 | D:3      | Reached XP level 5. HP: 26/36 MP: 8/8
  3207 | D:4      | Acquired Trog's second power
  3400 | D:4      | Reached skill level 7 in Long Blades
  3605 | D:4      | Reached XP level 6. HP: 32/42 MP: 10/10
  3688 | D:4      | Found a sparkling altar of Nemelex Xobeh.
  3948 | D:5      | Entered Level 5 of the Dungeon
  4139 | D:5      | Reached skill level 8 in Long Blades
  4329 | D:5      | Found a deep blue altar of Sif Muna.
  4345 | D:5      | Found a radiant altar of Vehumet.
  4359 | D:5      | Noticed Menkaure
  4362 | D:5      | Killed Menkaure
  4362 | D:5      | Reached skill level 9 in Long Blades
  4362 | D:5      | Reached XP level 7. HP: 46/46 MP: 12/12
  4559 | D:5      | Noticed Sigmund
  4575 | D:5      | Killed Sigmund
  4794 | D:5      | Reached skill level 10 in Long Blades
  4957 | D:5      | Found a shattered altar of Ashenzari.
  4964 | D:5      | Found a snail-covered altar of Cheibriados.
  5050 | D:5      | Reached skill level 1 in Dodging
  5171 | D:6      | 6 !agility
  5218 | D:6      | Found a white marble altar of Elyvilon.
  5398 | D:6      | Reached XP level 8. HP: 54/54 MP: 13/13
  5939 | D:7      | Reached skill level 3 in Dodging
  6152 | D:7      | Reached skill level 11 in Long Blades
  6261 | D:7      | Found a staircase to the Ecumenical Temple.
  6283 | Temple   | Entered the Ecumenical Temple
  6497 | D:7      | Acquired Trog's third power
  7073 | D:7      | Found a sacrificial altar of Ru.
  7320 | D:8      | Reached XP level 9. HP: 62/62 MP: 15/15
  7504 | D:8      | Found a basalt altar of Yredelemnul.
  7537 | D:8      | Found a glowing silver altar of Zin.
  7537 | D:8      | Found an opulent altar of Gozag.
  7539 | D:8      | Reached skill level 6 in Fighting
  7568 | D:8      | Found a staircase to the Lair.
  7734 | D:8      | Noticed Weresquid's ghost (experienced TrMo)
  7736 | D:8      | Noticed a two-headed ogre
  7783 | D:8      | Killed Weresquid's ghost
  7783 | D:8      | Reached skill level 12 in Long Blades
  7783 | D:8      | Reached skill level 6 in Dodging
  7873 | D:8      | Killed a two-headed ogre
  8112 | Lair:1   | Entered Level 1 of the Lair of Beasts
  8154 | Lair:1   | wow +4 ring mail
  8281 | Lair:1   | Noticed a black mamba
  8289 | Lair:1   | Killed a black mamba
  8292 | Lair:1   | Reached XP level 10. HP: 69/72 MP: 17/17
  8374 | Lair:1   | HP: 12/73 [wolf (7)]
  8382 | Lair:1   | HP: 13/73 [wolf (4)]
  8684 | Lair:1   | Noticed a komodo dragon
  8700 | Lair:1   | Killed a komodo dragon
  9006 | Lair:1   | You fall through a shaft!
  9060 | Lair:1   | Reached skill level 9 in Fighting
  9281 | Lair:1   | Reached skill level 9 in Dodging
  9505 | Lair:1   | Noticed a spiny frog
  9527 | Lair:1   | Killed a spiny frog
 10055 | Lair:2   | Got a smoking longbow
 10058 | Lair:2   | Identified the +7 longbow "Iwugaad" {freeze, rN+++ MP-9 Int+2 Dex-5} (You found it on level 2 of the Lair of Beasts)
 10059 | Lair:2   | rn+++ longbow :/
 10748 | Lair:1   | Reached XP level 11. HP: 47/81 MP: 18/18
 11036 | Lair:2   | Reached skill level 13 in Long Blades
 11464 | Lair:2   | Noticed Gastronok
 11600 | Lair:2   | Killed Gastronok
 11600 | Lair:2   | Reached skill level 14 in Long Blades
 11617 | Lair:2   | woo spirit shield hat
 12147 | Lair:3   | Found a hole to the Spider Nest.
 12266 | Lair:3   | Noticed a four-headed hydra
 12335 | Lair:3   | Killed a two-headed hydra
 12353 | Lair:3   | Noticed a necromancer
 12361 | Lair:3   | Killed a necromancer
 12439 | Lair:3   | mmm elec sword!
 12618 | Lair:3   | Received a gift from Trog
 12627 | Lair:3   | thanks for the lajatang :/
 12908 | Lair:3   | Reached XP level 12. HP: 90/90 MP: 19/19
 13026 | Lair:3   | Reached skill level 12 in Dodging
 13204 | Lair:3   | Reached skill level 3 in Shields
 13609 | Lair:4   | Noticed an eight-headed hydra
 13623 | Lair:4   | Killed a four-headed hydra
 13623 | Lair:4   | Reached skill level 12 in Fighting
 13882 | Lair:4   | Found a staircase to the Swamp.
 14546 | Lair:5   | Noticed a seven-headed hydra
 14571 | Lair:5   | Killed a five-headed hydra
 14872 | Lair:5   | Received a gift from Trog
 15204 | Lair:5   | Received a gift from Trog
 15393 | Lair:5   | Reached XP level 13. HP: 85/99 MP: 14/20
 15554 | Lair:5   | Noticed a catoblepas
 15584 | Lair:5   | Killed a catoblepas
 15614 | Lair:5   | Got a faintly glowing dire flail
 15928 | Lair:5   | Reached skill level 3 in Armour
 16090 | Lair:6   | Found a glowing silver altar of Zin.
 16104 | Lair:6   | Received a gift from Trog
 16227 | Lair:6   | Noticed Rupert
 16256 | Lair:6   | Killed Rupert
 16413 | Lair:6   | Noticed Snorg
 16438 | Lair:6   | Killed Snorg
 16810 | Lair:6   | Identified the +1 dire flail "Huywn" {holy, Contam Int+4 Dex+4 SInv Stlth+} (You found it on level 5 of the Lair of Beasts)
 16811 | Lair:6   | hahahahaha fuck you
 16821 | Lair:6   | Gained mutation: Your spells are a little easier to cast, but a little less powerful. [mutagenic glow]
 16822 | Lair:6   | nice
 17493 | Lair:7   | Reached skill level 6 in Shields
 17622 | Lair:7   | Reached skill level 6 in Armour
 18002 | Lair:7   | Received a gift from Trog
 18011 | Lair:7   | Got a warped falchion {god gift}
 18015 | Lair:7   | Identified the +4 falchion of Trufar {venom, Noisy +Inv Str+4 Dex+3} (Trog gifted it to you on level 7 of the Lair of Beasts)
 18329 | Lair:7   | Noticed Harold
 18340 | Lair:7   | Killed Harold
 18824 | Lair:8   | Entered Level 8 of the Lair of Beasts
 18991 | Lair:7   | Reached XP level 14. HP: 105/107 MP: 14/21
 19365 | Lair:8   | Reached skill level 9 in Shields
 19394 | Lair:8   | Received a gift from Trog
 19699 | Lair:8   | Noticed Fannar
 19713 | Lair:8   | Killed Fannar
 20262 | Lair:8   | Found a viscous altar of Jiyva.
 20263 | Lair:8   | Found a staircase to the Slime Pits.
 20883 | Lair:8   | diesel
 21313 | D:9      | Reached skill level 15 in Dodging
 21378 | D:9      | Found a radiant altar of Vehumet.
 21599 | D:9      | Received a gift from Trog
 22113 | D:10     | Entered Level 10 of the Dungeon
 22147 | D:10     | Noticed Maurice
 22155 | D:10     | Killed Maurice
 22199 | D:10     | mmm 2 acq
 22212 | D:10     | Got a jewelled shield
 22223 | D:10     | Identified the +0 shield "Zaurchu" {Regen+ Str+4 Dex-2 SInv} (You acquired it on level 10 of the Dungeon)
 22223 | D:10     | meh crappy shield
 22286 | D:10     | Found a flagged portal.
 22292 | Bailey   | Entered a bailey
 22325 | Bailey   | hi vanilla CPA
 22404 | Bailey   | Received a gift from Trog
 22415 | Bailey   | wow nice
 22749 | Bailey   | shield of resistance :/
 22749 | Bailey   | wow this bailey is still crazy
 23088 | D:10     | Noticed Urug
 23092 | D:10     | Killed Urug
 23116 | D:10     | Reached XP level 15. HP: 108/114 MP: 22/22
 23413 | D:11     | Found a glowing golden altar of the Shining One.
 23521 | D:11     | acquired more tele :/
 23574 | D:11     | Found a basalt altar of Yredelemnul.
 23586 | D:11     | Got a steaming tin ring
 23588 | D:11     | Identified the ring "Attatt" {rN+ Int+5} (You found it on level 11 of the Dungeon)
 23705 | D:11     | Noticed Josephine
 23744 | D:11     | Killed Josephine
 23819 | D:11     | Reached skill level 15 in Long Blades
 23852 | D:11     | Found a staircase to the Orcish Mines.
 24263 | Orc:1    | Entered Level 1 of the Orcish Mines
 24278 | Orc:1    | Received a gift from Trog
 24282 | Orc:1    | Got a crude longbow {god gift}
 24962 | Orc:2    | Found Twaciasch's Assorted Antiques.
 24976 | Orc:2    | Bought a scroll of enchant armour for 277 gold pieces
 25091 | Orc:3    | Received a gift from Trog
 25345 | Orc:2    | Received a gift from Trog
 26217 | Orc:2    | Noticed Erica
 26228 | Orc:2    | Killed Erica
 26291 | Orc:4    | Entered Level 4 of the Orcish Mines
 26291 | Orc:4    | Noticed Psyche
 26299 | Orc:4    | Killed Psyche
 26320 | Orc:4    | Reached skill level 16 in Long Blades
 26516 | Orc:4    | Received a gift from Trog
 26736 | Orc:4    | Found a staircase to the Elven Halls.
 26785 | Orc:4    | Found Simes' Book Shoppe.
 27012 | Orc:4    | Received a gift from Trog
 27019 | Orc:4    | :/
 27025 | Orc:4    | hahahaha
 27952 | Orc:4    | so much cursed shit :(
 28033 | Orc:4    | Received a gift from Trog
 28129 | Orc:4    | Found Smouty's General Store.
 28129 | Orc:4    | Found Brixim's Armour Shoppe.
 28131 | Orc:4    | Found Qaequus' Distillery.
 28132 | Orc:4    | Found Hyoweroq's Armour Shoppe.
 28137 | Orc:4    | Bought a potion of degeneration for 17 gold pieces
 28138 | Orc:4    | Bought a potion of might for 68 gold pieces
 28141 | Orc:4    | three CPA this game
 28141 | Orc:4    | i doubt i can enchant better than this +8
 28142 | Orc:4    | Bought a scroll of blinking for 127 gold pieces
 28142 | Orc:4    | Bought a scroll of identify for 34 gold pieces
 28144 | Orc:4    | Bought a scroll of magic mapping for 59 gold pieces
 28615 | D:12     | Reached skill level 9 in Armour
 29050 | D:13     | Received a gift from Trog
 29297 | D:13     | Found an iron altar of Okawaru.
 29968 | D:14     | Found a gate to the Vaults.
 30035 | D:14     | Noticed Nessos
 30048 | D:14     | Killed Nessos
 30066 | D:14     | Received a gift from Trog
 30188 | D:14     | Got a scorched long sword {god gift}
 30189 | D:14     | Identified the +10 long sword of Imbalance {slice, +Rage Int+3} (Trog gifted it to you on level 14 of the Dungeon)
 30236 | D:14     | Found a shattered altar of Ashenzari.
 30712 | D:15     | Entered Level 15 of the Dungeon
 30861 | D:15     | Reached XP level 16. HP: 120/120 MP: 23/23
 30878 | D:15     | Found a staircase to the Depths.
 31159 | D:15     | Found a white marble altar of Elyvilon.
 31542 | D:15     | Reached skill level 12 in Armour
 32014 | Swamp:1  | Entered Level 1 of the Swamp
 32309 | Swamp:1  | Received a gift from Trog
 33469 | Swamp:2  | cursed cursed cursed cursed cursed
 33516 | Swamp:2  | HP: 35/180 [hornet[a shambling mangrove] (14)]
 33521 | Swamp:2  | HP: 20/180 [poisoned by a wasp]
 33526 | Swamp:2  | HP: 16/180 [poisoned by a wasp]
 34168 | Swamp:3  | Received a gift from Trog
 34171 | Swamp:3  | Got an iridescent falchion {god gift}
 34172 | Swamp:3  | Identified the +14 falchion "Paxisk" {freeze, +Fly rN+} (Trog gifted it to you on level 3 of the Swamp)
 34348 | Swamp:3  | what the fuck is this
 34612 | Swamp:3  | Noticed Aizul
 34633 | Swamp:3  | Killed Aizul
 35123 | Swamp:3  | Noticed Kirke
 35138 | Swamp:3  | Killed Kirke
 36009 | Orc:4    | Bought the +8 crystal plate armour of Inevitability {Regen+} for 1536 gold pieces
 36453 | Swamp:4  | Noticed Jorgrun
 36454 | Swamp:4  | hi
 36466 | Swamp:4  | Killed Jorgrun
 36490 | Swamp:4  | Reached skill level 15 in Armour
 36505 | Swamp:4  | Reached XP level 17. HP: 124/126 MP: 23/23
 36525 | Swamp:4  | Found a frozen archway.
 36592 | IceCv    | Entered an ice cave
 36773 | IceCv    | Received a gift from Trog
 36782 | IceCv    | Noticed an Ice Fiend
 36875 | IceCv    | hi ice fiend
 36941 | IceCv    | Killed an Ice Fiend
 37280 | Swamp:4  | Noticed Donald
 37290 | Swamp:4  | Killed Donald
 37386 | Swamp:4  | Noticed Frances
 37392 | Swamp:4  | Killed Frances
 37686 | Swamp:5  | Entered Level 5 of the Swamp
 37686 | Swamp:5  | Noticed Saint Roka
 37687 | Swamp:5  | hi ")
 37693 | Swamp:4  | Killed Saint Roka
 37774 | Swamp:5  | Received a gift from Trog
 37827 | Swamp:5  | Noticed Wiglaf
 37846 | Swamp:5  | Killed Wiglaf
 37871 | Swamp:5  | nice
 37893 | Swamp:5  | Noticed Norris
 37913 | Swamp:5  | Killed Norris
 37913 | Swamp:5  | Reached skill level 17 in Armour
 38140 | Swamp:5  | Got a decaying rune of Zot
 38748 | Spider:1 | Entered Level 1 of the Spider Nest
 39797 | Spider:2 | Received a gift from Trog
 40053 | Spider:2 | Reached XP level 18. HP: 132/132 MP: 24/24
 40253 | Spider:3 | Reached skill level 18 in Armour
 40796 | Spider:4 | Received a gift from Trog
 41457 | Spider:4 | Found a roughly hewn altar of Beogh.
 41677 | Spider:4 | Received a gift from Trog
 41794 | Spider:5 | Entered Level 5 of the Spider Nest
 42633 | Spider:5 | Reached skill level 12 in Shields
 42813 | Spider:5 | Received a gift from Trog
 43093 | Spider:5 | Got a gossamer rune of Zot
 43687 | Vaults:1 | Entered Level 1 of the Vaults
 44160 | Vaults:1 | Received a gift from Trog
 44467 | Vaults:1 | Reached XP level 19. HP: 102/137 MP: 18/25
 44618 | Vaults:1 | Reached skill level 19 in Armour
 44704 | Vaults:1 | Received a gift from Trog
 45237 | Vaults:2 | Received a gift from Trog
 45240 | Vaults:2 | Got a faintly glowing longbow {god gift}
 45779 | Vaults:2 | Reached skill level 15 in Fighting
 46129 | Vaults:2 | Found a staircase to the Crypt.
 46262 | Vaults:2 | Received a gift from Trog
 46573 | Crypt:1  | Entered Level 1 of the Crypt
 46768 | Crypt:1  | Noticed Margery
 46899 | Crypt:1  | Killed Margery
 46904 | Crypt:1  | Received a gift from Trog
 47132 | Crypt:1  | Got a scorched war axe
 47603 | Crypt:2  | Reached XP level 20. HP: 147/147 MP: 25/25
 47960 | Crypt:3  | Entered Level 3 of the Crypt
 47966 | Crypt:3  | Reached skill level 15 in Shields
 48692 | Crypt:3  | hi sceptre :(
 48715 | Crypt:3  | Found an ancient bone altar of Kikubaaqudgha.
 48757 | Crypt:3  | Got an ancient silver amulet
 48777 | Crypt:3  | Identified the amulet "Parchur" {Ward rC+ rN+ Str+4} (You found it on level 3 of the Crypt)
 48784 | Crypt:3  | Got a scorched pewter ring
 48785 | Crypt:3  | Identified the ring "Etsa" {rPois rC+ rN+ MP+9 Dex-5 Stlth+} (You found it on level 3 of the Crypt)
 48793 | Crypt:3  | Got a glittering amber ring
 48794 | Crypt:3  | Identified the ring "Daomulett" {rPois rN+ Str+4 Int-4 Dex+2} (You found it on level 3 of the Crypt)
 48795 | Crypt:3  | mmmmmm
 49076 | Crypt:3  | Reached skill level 18 in Fighting
 49093 | Crypt:3  | Found a staircase to the Tomb.
 49477 | Vaults:3 | Received a gift from Trog
 49484 | Vaults:3 | Noticed Agnes
 49494 | Vaults:3 | Killed Agnes
 50101 | Vaults:3 | Received a gift from Trog
 50136 | Vaults:3 | Got a steaming flail {god gift}
 50238 | Vaults:3 | Reached skill level 20 in Armour
 50238 | Vaults:3 | Reached XP level 21. HP: 160/160 MP: 26/26
 50645 | Vaults:3 | Received a gift from Trog
 51265 | Vaults:4 | Received a gift from Trog
 51459 | Vaults:4 | Reached skill level 21 in Armour
 51774 | Vaults:4 | Received a gift from Trog
 51819 | Vaults:4 | Got a faintly glowing scale mail
 52553 | Vaults:4 | Found a portal to a secret trove of treasure.
 52728 | Vaults:5 | Entered Level 5 of the Vaults
 52904 | Vaults:4 | Received a gift from Trog
 52909 | Vaults:4 | Reached skill level 22 in Armour
 53016 | Vaults:5 | Reached XP level 22. HP: 116/167 MP: 20/27
 53030 | Vaults:5 | HP: 32/167 [titan/bolt of lightning (38)]
 53499 | Vaults:4 | Received a gift from Trog
 54023 | Vaults:5 | Got a warped leather armour
 54029 | Vaults:5 | Got an ebony quarterstaff
 54195 | Vaults:5 | Received a gift from Trog
 54437 | Vaults:5 | Reached skill level 21 in Fighting
 54459 | Vaults:5 | mmm artefact gda
 54461 | Vaults:5 | Got a shimmering mace
 54465 | Vaults:5 | Got a translucent gold dragon armour
 54522 | Vaults:4 | Identified the +11 gold dragon armour of the Eight Souls {rElec rPois rF+ rC+ Dex+4 Slay-3} (You took it off a yaktaur captain on level 5 of the Vaults)
 54522 | Vaults:4 | hahaha
 54522 | Vaults:4 | negative slaying :(
 54555 | Vaults:4 | why not
 54605 | Vaults:5 | Got a glittering iron ring
 54620 | Vaults:5 | Identified the ring "Skim" {-Cast MP-9 Str+3 Int+9 Dex+6 SInv} (You took it off a yaktaur on level 5 of the Vaults)
 54622 | Vaults:5 | int+9 ring hahaha
 54626 | Vaults:5 | wow numbers in crawl don't make any sense at all nowadays
 54798 | Vaults:5 | Found Khitism's Book Boutique.
 54951 | Vaults:5 | Reached XP level 23. HP: 179/181 MP: 18/27
 55048 | Vaults:5 | Got a silver rune of Zot
 55187 | Vaults:5 | Received a gift from Trog
 55723 | Depths:1 | Entered Level 1 of the Depths
 55782 | Depths:1 | i'm totally enchanting a shield
 55814 | Depths:1 | Noticed Scytalen's ghost (great MfEn)
 56311 | Depths:1 | Got a dazzling scythe
 56373 | Depths:1 | Found a corrupted altar of Lugonu.
 56373 | Depths:1 | Found a one-way gate to the infinite horrors of the Abyss.
 56453 | Depths:1 | Killed Scytalen's ghost
 56455 | Depths:1 | crazy ghost
 56532 | Depths:1 | Received a gift from Trog
 56533 | Depths:1 | Found a gateway to Hell.
 56536 | Depths:1 | Got a steaming scimitar {god gift}
 56540 | Depths:1 | Identified the +3 scimitar of Absolution {venom, Contam +Blink rElec Int+3 SInv} (Trog gifted it to you on level 1 of the Depths)
 56629 | Depths:1 | Found Seirr's One-of-a-Kind Books.
 57169 | Depths:2 | Found a one-way gate leading to the halls of Pandemonium.
 57300 | Depths:2 | Received a gift from Trog
 57357 | Depths:2 | Reached skill level 23 in Fighting
 57699 | Depths:2 | Noticed the Enchantress
 57701 | Depths:2 | hi
 57800 | Depths:2 | Killed the Enchantress
 57811 | Depths:2 | Got a faerie dragon armour
 57816 | Depths:2 | Identified the +0 faerie dragon armour {rF+ MR- Regen+ HP+3 Dex+2} (You took it off the Enchantress on level 2 of the Depths)
 57817 | Depths:2 | +0 MR- enchantress armour, nice
 57918 | Depths:2 | Noticed Mara
 57990 | Depths:2 | Killed Mara
 57990 | Depths:2 | Reached XP level 24. HP: 193/193 MP: 6/28
 58000 | Depths:2 | Received a gift from Trog
 58387 | Depths:2 | hi
 58389 | Hell     | Entered the Vestibule of Hell
 58389 | Hell     | Noticed Geryon
 58528 | Hell     | Killed Geryon
 58529 | Hell     | rip
 59110 | Vaults:4 | You paid a toll of the horn of Geryon to enter a treasure trove
 59111 | Trove    | Entered a treasure trove
 59177 | Trove    | manuals :/
 59177 | Trove    | only one i want
 59723 | Depths:3 | Found Lutzacwap's Jewellery Shoppe.
 59744 | Depths:3 | Bought the brooch of Shielding {Ward rN+ AC+4 EV+4} for 778 gold pieces
 59744 | Depths:3 | nice
 59787 | Depths:3 | Noticed Nikola
 59865 | Depths:2 | what the fuuuuuuck
 59914 | Depths:3 | Reached skill level 24 in Fighting
 59922 | Depths:3 | Killed Nikola
 60046 | Depths:3 | Reached skill level 18 in Dodging
 60504 | Depths:3 | Received a gift from Trog
 60802 | Depths:3 | Found a runed door.
 61210 | Depths:4 | Found a gateway to a ziggurat.
 61236 | Zig:1    | Entered Level 1 of a ziggurat
 61278 | Zig:2    | Entered Level 2 of a ziggurat
 61293 | Zig:2    | zig:2 tormentor? nice
 61320 | Zig:2    | Got a crude long sword
 61321 | Zig:2    | Identified the cursed +3 long sword "Ijoar" {slice, +Rage Str+4 SInv} (You found it on level 2 of a ziggurat)
 61383 | Zig:3    | Entered Level 3 of a ziggurat
 61416 | Zig:4    | Entered Level 4 of a ziggurat
 61455 | Zig:4    | Received a gift from Trog
 61505 | Zig:5    | Entered Level 5 of a ziggurat
 61611 | Zig:5    | mmm running
 61657 | Zig:5    | Got a shimmering hand axe
 61673 | Zig:6    | Entered Level 6 of a ziggurat
 61698 | Zig:6    | Reached XP level 25. HP: 202/202 MP: 20/29
 61757 | Zig:6    | Got a pitted tin ring
 61759 | Zig:6    | Identified the ring "Keac" {MR- EV+3 Dex+6} (You found it on level 6 of a ziggurat)
 61770 | Zig:7    | Entered Level 7 of a ziggurat
 61809 | Zig:7    | ok too many tormentors to zig
 61972 | Zig:7    | Got a crude shortbow
 61978 | Zig:7    | Reached XP level 26. HP: 209/209 MP: 20/29
 61997 | Zig:7    | one more
 61998 | Zig:8    | Entered Level 8 of a ziggurat
 62065 | Zig:8    | Noticed fungee's ghost (great MiGl)
 62087 | Zig:8    | Killed fungee's ghost
 62155 | Zig:8    | mmm i can do 10 for the banner i guess
 62167 | Zig:9    | Entered Level 9 of a ziggurat
 62182 | Zig:9    | nice
 62315 | Zig:9    | Got a translucent scale mail
 62322 | Zig:9    | Got a steaming whip
 62354 | Zig:10   | Entered Level 10 of a ziggurat
 62355 | Zig:10   | ew
 62387 | Zig:10   | Received a gift from Trog
 62392 | Zig:10   | Reached skill level 18 in Shields
 62492 | Zig:10   | archery gloves :(
 62511 | Zig:10   | Got a shimmering robe
 62517 | Zig:10   | Got a faintly glowing ruby amulet
 62521 | Zig:10   | Identified the amulet of Hulorgh {Spirit rPois Stlth+} (You found it on level 10 of a ziggurat)
 62523 | Zig:10   | wow shitty loot
 62624 | Depths:4 | Reached skill level 21 in Dodging
 62669 | Depths:4 | acquired fucking /slowing
 63287 | Depths:5 | Entered Level 5 of the Depths
 63304 | Depths:5 | Received a gift from Trog
 63304 | Depths:5 | Reached skill level 25 in Fighting
 63376 | Depths:5 | Found a gate to the Realm of Zot.
 63377 | Depths:5 | what... happened
 63462 | Depths:5 | oh god no it's a fucking giant vault level
 63512 | Depths:5 | Received a gift from Trog
 63545 | Depths:5 | Found a burning altar of Makhleb.
 63546 | Depths:5 | Found a stormy altar of Qazlal.
 63633 | Depths:5 | Found a white marble altar of Elyvilon.
 63796 | Depths:5 | Got a faintly glowing plate armour
 63799 | Depths:5 | Identified the +1 plate armour "Fepsunat" {+Fly rC+ MR+ Slay-3 SInv} (You found it on level 5 of the Depths)
 63952 | Depths:5 | Received a gift from Trog
 63968 | Depths:5 | Reached skill level 26 in Fighting
 64240 | Depths:5 | Reached XP level 27. HP: 195/221 MP: 20/29
 64391 | Depths:5 | Received a gift from Trog
 64399 | Depths:5 | Got a dazzling dagger
 64655 | Depths:5 | ok almost done
 64658 | Zot:1    | Entered Level 1 of the Realm of Zot
 64809 | Zot:2    | Reached skill level 27 in Fighting
 65040 | Zot:2    | Noticed an orb of fire
 65041 | Zot:2    | nice?
 65074 | Zot:2    | HP: 61/336 [orb of fire/bolt of fire (18)]
 65075 | Zot:2    | Killed an orb of fire
 65085 | Zot:2    | close
 65355 | Zot:4    | Received a gift from Trog
 65530 | Zot:5    | Entered Level 5 of the Realm of Zot
 66234 | Zot:5    | Noticed an ancient lich
 66257 | Zot:5    | Killed an ancient lich
 66281 | Zot:5    | Noticed an orb of fire
 66296 | Zot:5    | Killed an orb of fire
 66297 | Zot:5    | Noticed an orb of fire
 66304 | Zot:5    | Noticed an electric golem
 66306 | Zot:5    | Gained mutation: You are dopey. (Int -2) [an orb of fire]
 66319 | Zot:5    | Killed an orb of fire
 66326 | Zot:5    | Killed an electric golem
 66652 | Zot:5    | Noticed an ancient lich
 66691 | Zot:5    | Killed an ancient lich
 66691 | Zot:5    | Received a gift from Trog
 66859 | Zot:5    | Noticed an ancient lich
 66881 | Zot:5    | Killed an ancient lich
 66953 | Zot:5    | Noticed an orb of fire
 66954 | Zot:5    | Gained mutation: You expend magic power (3 MP) to slightly strengthen your wands. [an orb of fire]
 66956 | Zot:5    | these new muts are super weird
 66971 | Zot:5    | Killed an orb of fire
 67050 | Zot:5    | Noticed an ancient lich
 67060 | Zot:5    | Noticed an ancient lich
 67071 | Zot:5    | Killed an ancient lich
 67076 | Zot:5    | Killed an ancient lich
 67111 | Zot:5    | ok
 67111 | Zot:5    | Got the Orb of Zot
 67136 | Zot:5    | Noticed Abeabb the pandemonium lord
 67137 | Zot:5    | hi
 67154 | Zot:5    | Killed Abeabb the pandemonium lord
 67673 | Depths:1 | Gained mutation: Scrolls take you a little longer to read. [a neqoxec]
 67694 | D:15     | Lost mutation: Scrolls take you a little longer to read. [potion of cure mutation]
 67694 | D:15     | Lost mutation: You are dopey. (Int -2) [potion of cure mutation]
 67694 | D:15     | Lost mutation: Your spells are a little easier to cast, but a little less powerful. [potion of cure mutation]
 68065 | D:$      | Escaped with the Orb!

Vault maps used:
D:1:      saegor_arrival_fortress
D:2:      tgw_trog
D:3:      overflow_temple_1_default, kennysheep_nub, corner_web_ring, uniq_robin
D:4:      serial_park_square1, lemuel_coloured_pillars_altar
D:5:      vehumet_statue, led_sif_pool, minitemple, first_bread,
          grunt_ministairs_6, hangedman_glass_teeth, uniq_sigmund, uniq_menkaure
D:6:      lemuel_crystal_altar, minmay_misc_feat_alley
D:7:      lemuel_doored_altar, minmay_temple_entry_glassed_door
D:8:      grunt_temple_overflow_gold_and_silver, overflow_temple_1_default,
          lair_0_dummy
D:9:      minmay_statue_hallways, basic_altar
D:10:     enter_bailey_2, grunt_livestock, uniq_maurice, uniq_urug
D:11:     orc_david_3, basic_altar, tso_metal_star, uniq_josephine
D:13:     basic_altar
D:14:     david_vaults_5, ashenzari_altar_1, uniq_nessos
D:15:     grunt_enter_depths_magical_seal, elyvilon_altar_5
Temple:   nicolae_temple_great_sept
Lair:2:   grunt_forest_large_clearing_hut, serial_bayou_shore_a,
          lemuel_fruit_tree, uniq_gastronok
Lair:3:   pond_and_an_island_with_a_cottage, spider_nest_entry_rubble
Lair:4:   swamp_mist_pool
Lair:5:   special_room, minivault_29
Lair:6:   basic_altar, lemuel_fruit_fields, infiniplex_staircase_pool,
          serial_bayou_shore_b, uniq_rupert, uniq_snorg
Lair:7:   st_stairs_3, nicolae_quartered_pool_medium, lemuel_fruit_fields,
          uniq_harold
Lair:8:   due_jungle_book, dpeg_slime_entry_enclosed_altar, hibernation_bobbens,
          uniq_fannar
Swamp:1:  evilmike_swamp_ruin_house_3, nicolae_swamp_baby_hydras
Swamp:2:  cheibrodos_swamp_tower_of_moss, evilmike_swamp_ruin_rubble_1
Swamp:3:  serial_swamp_ruin, evilmike_swamp_ruin_house_5,
          evilmike_swamp_ruin_house_2, uniq_kirke, uniq_aizul
Swamp:4:  portal_ice_cave_entry_ice_beasts, hangedman_swamp_ruin_wall,
          roderic_carrion_pond, uniq_donald, uniq_jorgrun, uniq_frances
Swamp:5:  swamp_alternative, uniq_norris, uniq_saint_roka, uniq_wiglaf
Spider:1: spider_trap
Spider:4: nicolae_spider_mines_2, hangedman_spider_tarantella_strand
Spider:5: spider_rune_water
Orc:1:    mines_bat_river
Orc:2:    serial_shops, nicolae_shop_window_shopping, uniq_erica
Orc:3:    nicolae_orc_pool_cavern
Orc:4:    st_orc_pillars, serial_shops, shop, uniq_psyche
Vaults:1: nicolae_vaults_stairing_the_circle, hangedman_vaults_hat,
          vaults_mumra_hex, nicolae_vaults_big_ls, v_misc_33,
          vaults_standard_mumra_enter_the_diamond, vaults_room_glass_cross,
          ontoclasm_vaults_gateway
Vaults:2: nicolae_vaults_sealed_display, st_star,
          minmay_crypt_entry_skeletal_spiral, ontoclasm_vaults_idyll, v_misc_5,
          vaults_dpeg_cross, hangedman_vaults_locks,
          nicolae_vaults_windows_and_doors_thing, vaults_room_door_hall,
          hangedman_vaults_slice, vaults_room_door_ring,
          nicolae_vaults_little_squares_3
Vaults:3: v_misc_22, vaults_mumra_chevron_long, nicolae_vaults_arrows,
          vaults_room_boxed, v_rooms_3, hangedman_vaults_stream, v_misc_17,
          hangedman_vaults_corner_blocks, v_misc_26,
          nicolae_vaults_mini_display_case, v_misc_23,
          ontoclasm_vaults_misaligned, ontoclasm_vaults_ring_large, uniq_agnes
Vaults:4: v_pattern_2, vaults_mumra_chevron, nicolae_vaults_three_branches,
          nicolae_vaults_little_squares_4, nicolae_vaults_rhombus_5,
          vaults_room_ringed_pool, dpeg_vaults_monster_row,
          hangedman_vaults_maws, v_alt_pattern_6, v_misc_30,
          ontoclasm_vaults_idyll, nicolae_vaults_little_squares_4,
          nicolae_trove_entry_crystal
Crypt:1:  uniq_margery
Crypt:3:  cryptofortress_bobbens
Depths:1: grunt_decor_arrowhead, abyss_entry_flame_altar, hell_entry,
          nicolae_rare_books
Depths:2: minmay_central_circle, rand_demon_pan_entry_1, hell_entry,
          hangedman_abyss_or_decor_stabs, serial_bayou_lagoon_a,
          minmay_misc_feat_five, baited_tele_trap, uniq_enchantress, uniq_mara
Depths:3: four-leaf_vault, pf_coc_iceberg, abyss_entry,
          hangedman_abyss_or_decor_stagger, serial_shops, shop,
          grunt_pan_entry_zigzag, minmay_hidden_floor,
          infiniplex_staircase_diamond, uniq_nikola
Depths:4: hangedman_cross_stitches, enter_ziggurat_a, minmay_room_of_horrors,
          infiniplex_staircase_zigzag_3, hell_entry,
          hangedman_decor_clover_reticule, hangedman_abyss_or_decor_passed
Depths:5: hangedman_slaughterboxes, hell_entry
Zot:1:    hangedman_orp_of_zott, st_small_dragon_hoard_3,
          hangedman_zot_diagonal_lockstep
Zot:2:    lemuel_draconian_sentries_small, st_stairs_14
Zot:3:    grunt_ministairs_3
Zot:4:    nicolae_zot_stationary_front
Zig:4:    ziggurat_pillar_centre_dead_trees
Zig:9:    ziggurat_loot_2
Trove:    trove_library
Bailey:   bailey_polearm_1, bailey
IceCv:    ice_cave_small_demon

Action                   |  1- 3 |  4- 6 |  7- 9 | 10-12 | 13-15 | 16-18 | 19-21 | 22-24 | 25-27 || total
-------------------------+-------+-------+-------+-------+-------+-------+-------+-------+-------++-------
Melee: Long sword        |   129 |   135 |   259 |   611 |   830 |       |       |       |       ||  1964
       Falchion          |       |       |       |   212 |       |       |       |       |       ||   212
       Hand axe          |       |       |       |     8 |    22 |       |       |       |       ||    30
       Double sword      |       |       |       |       |   879 |  1572 |  1598 |  1361 |   803 ||  6213
       Scimitar          |       |       |       |       |    13 |       |       |       |       ||    13
       Demon blade       |       |       |       |       |       |       |       |   111 |   145 ||   256
       Unarmed           |       |       |       |       |       |       |       |    14 |       ||    14
 Fire: Blowgun           |       |     7 |    17 |     2 |     1 |       |       |       |       ||    27
Throw: Stone             |     4 |     4 |     5 |     9 |       |       |       |       |       ||    22
       Javelin           |       |       |       |       |     7 |       |       |       |       ||     7
Invok: Berserk           |       |     2 |     7 |     9 |    13 |     7 |     2 |     8 |     2 ||    50
       Trog's Hand       |       |       |     1 |     1 |     5 |     8 |     4 |     7 |     3 ||    29
       Brothers in Arms  |       |       |       |     2 |     2 |     3 |     5 |     8 |     3 ||    23
       Burn Spellbooks   |       |       |       |     2 |     6 |     3 |     4 |     5 |     3 ||    23
 Abil: Evoke Flight      |       |       |       |       |       |     4 |       |       |       ||     4
       Stop Flying       |       |       |       |       |       |     1 |       |       |       ||     1
Evoke: Wand              |       |       |       |     2 |     4 |       |       |       |     6 ||    12
       Deck              |       |       |       |       |     2 |       |       |       |       ||     2
       Rod               |       |       |       |       |     1 |       |     1 |       |       ||     2
  Use: Scroll            |       |       |    16 |     5 |    21 |    13 |    11 |    22 |    19 ||   107
       Potion            |       |       |     1 |     2 |       |     1 |     2 |     4 |    12 ||    22
 Stab: Sleeping          |       |       |     1 |     1 |       |       |       |       |       ||     2
       Confused          |       |       |       |       |       |     2 |       |       |       ||     2
       Held in net/web   |       |       |       |       |       |     1 |       |       |       ||     1
       Distracted        |       |       |       |       |       |       |       |     2 |       ||     2
       Petrified         |       |       |       |       |       |       |       |       |     3 ||     3
       Petrifying        |       |       |       |       |       |       |       |       |     1 ||     1
  Eat: Chunk             |     4 |     3 |    25 |    35 |    75 |    46 |    10 |    13 |     1 ||   212
       Meat ration       |       |     1 |       |       |       |       |     2 |     3 |     1 ||     7
       Beef jerky        |       |       |       |       |     2 |     1 |     4 |     2 |     1 ||    10
       Pizza             |       |       |       |       |     1 |       |     2 |       |       ||     3
       Bread ration      |       |       |       |       |       |     1 |       |     3 |     3 ||     7
       Royal jelly       |       |       |       |       |       |     1 |       |     1 |     1 ||     3
       Fruit             |       |       |       |       |       |       |     2 |       |       ||     2
